 Dungeon Crawl Stone Soup version 0.31-a0-532-g28f74ba3e5 (webtiles) character file.

Game seed: 13910817349665319568

346 arthad the Firebug (level 6, -2/64 HPs)
             Began as a Demonspawn Fire Elementalist on Aug 13, 2023.
             Slain by an orc
             ... wielding a +0 dagger
              (4 damage)
             ... on level 4 of the Dungeon.
             The game lasted 00:09:12 (2977 turns).

arthad the Firebug (Demonspawn Fire Elementalist)   Turns: 2977, Time: 00:09:12

Health: -2/64      AC:  3    Str:  6 (8)  XL:     6   Next: 32%
Magic:  4/10       EV: 12    Int: 16 (19) God:
Gold:   227        SH:  0    Dex: 10 (13) Spells: 7/11 levels left

rFire   . . .        e - +6 sling of the Candelabrum {flame, Will+}
rCold   . . .        (no shield)
rNeg    + . .        a - +0 robe
rPois   .            (helmet restricted)
rElec   .            (no cloak)
rCorr   .            (no gloves)
SInv    .            c - +0 pair of boots
Will    +....        (no amulet) Stlth
                     y - ring of positive energy
HPRegen 0.30/turn    (no ring)
MPRegen 0.12/turn

%: no passive effects
@: berserking, lethally poisoned (-2 -> -3), attractive, very quick
A: horns 1, powered by death 1
a: no special abilities


You were on level 4 of the Dungeon.
You visited 1 branch of the dungeon, and saw 4 of its levels.

You collected 227 gold pieces.

Inventory:

Hand Weapons
 e - the +6 sling of the Candelabrum (weapon) {flame, Will+}
   (You found it on level 2 of the Dungeon)

   Will+:     It increases your willpower.
 k - a +0 short sword of speed
Missiles
 w - 5 poisoned darts
Armour
 a - a +0 robe (worn)
 c - a +0 pair of boots (worn)
 v - a +0 helmet
Jewellery
 x - an amulet of guardian spirit
 y - a ring of positive energy (left hand)
Scrolls
 d - a scroll of fog {unknown}
 f - 3 scrolls of identify {unknown}
 j - a scroll of enchant weapon {unknown}
 n - a scroll of teleportation {unknown}
 o - 2 scrolls of enchant armour {unknown}
 p - 2 scrolls of immolation
 q - a scroll of amnesia {unknown}
 t - a scroll of fear {unknown}
 u - 2 scrolls of revelation {unknown}
Potions
 b - a potion of magic
 i - a potion of mutation {unknown}
 l - 2 potions of might
 m - a potion of degeneration
 r - a potion of enlightenment {unknown}
 s - a potion of ambrosia {unknown}


   Skills:
 + Level 1.5 Fighting
 + Level 0.4 Ranged Weapons
 + Level 2.5 Dodging
 + Level 2.5 Stealth
 * Level 3.0 Spellcasting
 * Level 2.7 Conjurations
 * Level 3.7 Fire Magic
 * Level 2.2 Earth Magic


You had 7 spell levels left.
You knew the following spells:

 Your Spells              Type           Power      Damage    Failure   Level
a - Foxfire               Conj/Fire      48%        2x1d6     4%          1
b - Scorch                Fire           28%        2d6       6%          2
c - Sandblast             Erth           18%        2d7       8%          1

Your spell library contained the following spells:

 Spells                   Type           Power      Damage    Failure   Level
 Passwall                 Tmut/Erth      4%         N/A       19%         2
 Stone Arrow              Conj/Erth      20%        3d8       21%         3
 Inner Flame              Hex/Fire       8%         N/A       26%         3
 Volatile Blastmotes      Fire/Tloc      16%        2d11      26%         3
 Flame Wave               Conj/Fire      12%        2d6       45%         4
 Summon Guardian Golem    Hex/Summ       2%         N/A       50%         3
 Orb of Destruction       Conj           5%         9d5       100%        7
 Spellforged Servitor     Conj/Summ      3%         N/A       100%        7


Dungeon Overview and Level Annotations

Branches:
Dungeon (4/15)
 Temple: D:4-7

Altars:

Annotations:
D:3 4 runed translucent doors, Crazy Yiuf; LeprechaunX's ghost, weakling OpSh; Shayle's ghost, amateur OgSh
D:4 Pikel


Innate Abilities, Weirdness & Mutations

You have a pair of small horns on your head.
You regenerate a little health from kills.


Message History

You conjure some foxfire!
You feel sick. The adder closely misses you.
An orc comes into view. It is wielding a +0 dagger.
The adder bites you but does no damage.
Casting: Foxfire (safe; 4% risk of failure)
Confirm with . or Enter, or press ? or * to list all spells.
You conjure some foxfire!
* * * LOW HITPOINT WARNING * * *
You feel sick.
The foxfire hits the orc wizard but does no damage.
The foxfire hits the adder.
The adder is heavily wounded.
The adder closely misses you.
Casting: Foxfire (safe; 4% risk of failure)
Confirm with . or Enter, or press ? or * to list all spells.
You conjure some foxfire!
* * * LOW HITPOINT WARNING * * *
You feel sick.
The foxfire hits the orc wizard.
The orc wizard is heavily wounded.
The foxfire hits the orc wizard.
The orc wizard is heavily wounded.
The adder bites you but does no damage.
The orc wizard hits you with a +0 dagger.
* * * LOW HITPOINT WARNING * * *
It was a potion of attraction.
You feel attractive to monsters.
* * * LOW HITPOINT WARNING * * *
You feel sick.
The foxfire hits the adder.
The adder is severely wounded.
The foxfire hits the orc wizard.
The orc wizard is severely wounded.
The adder misses you.
The orc wizard gestures at you while chanting.
The puff of flame misses you. The orc is attracted toward you.
It was a potion of berserk rage.
A red film seems to cover your vision as you go berserk!
You feel yourself moving faster!
You feel mighty!
* * * LOW HITPOINT WARNING * * *
You feel sick. The adder bites you but does no damage.
The orc hits you with a +0 dagger.
You die...

..............##
................ ..
............#### ..
#...........# .#
#............. ##.## .)
.....<....#.#. ..).# ...
##.(####.##.# #...#....
##.......##..###.S....).
#....#....##....@).#
#..#.......#...ooo.#
..........###......#
.#................§#
.##...##..##.......... #
##...##.###..<.##....
#... ### ##.........
##..# #...##.... ....
##..# ...


You could see an orc wizard, an adder and 2 orcs.

Vanquished Creatures
  Sigmund (D:2)
  A lemure (D:4)
  Terence (D:2)
  Robin (D:2)
  4 adders
  An ufetubus (D:4)
  4 worms
  A dart slug (D:2)
  5 orcs (D:4)
  8 endoplasms
  A giant cockroach (D:2)
  12 goblins
  6 hobgoblins
  7 jackals
  3 quokkas
  8 ball pythons
  6 bats
  3 frilled lizards
  9 kobolds
  6 rats
88 creatures vanquished.

Vanquished Creatures (others)
  136 foxfires
136 creatures vanquished.

Grand Total: 224 creatures vanquished

Notes
Turn   | Place    | Note
-------+----------+-------------------------------------------
     0 | D:1      | arthad the Demonspawn Fire Elementalist began the quest for
                  | the Orb.
     0 | D:1      | Reached XP level 1. HP: 13/13 MP: 3/3
   465 | D:1      | Gained mutation: You regenerate a little health from kills.
                  | [demonic ancestry]
   465 | D:1      | Reached XP level 2. HP: 19/19 MP: 1/5
  1327 | D:1      | Learned a level 2 spell: Scorch
  1329 | D:1      | Learned a level 1 spell: Sandblast
  1499 | D:2      | Reached XP level 3. HP: 24/24 MP: 0/6
  1649 | D:2      | Found a faded altar of an unknown god.
  1729 | D:2      | Reached skill level 1 in Earth Magic
  1742 | D:2      | Noticed Sigmund
  1760 | D:2      | Killed Sigmund
  1761 | D:2      | Reached skill level 1 in Fighting
  1761 | D:2      | Reached XP level 4. HP: 22/32 MP: 2/8
  1761 | D:2      | Reached XP level 5. HP: 25/37 MP: 2/9
  1766 | D:2      | Identified the +6 sling of the Candelabrum {flame, Will+}
  1922 | D:2      | Noticed Terence
  1924 | D:2      | Killed Terence
  1968 | D:2      | Noticed Robin
  1971 | D:2      | Killed Robin
  2133 | D:2      | Gained mutation: You have a pair of small horns on your
                  | head. [demonic ancestry]
  2133 | D:2      | Reached XP level 6. HP: 43/43 MP: 10/10
  2477 | D:3      | Found a runed translucent gate.
  2477 | D:3      | Found a runed translucent gate.
  2477 | D:3      | Found a runed translucent gate.
  2478 | D:3      | Noticed LeprechaunX's ghost (weakling OpSh)
  2479 | D:3      | Noticed Shayle's ghost (amateur OgSh)
  2479 | D:3      | Found the +4 robe of Folly {Brill Will-∞ Int+8}
  2616 | D:3      | Found a runed translucent door.
  2617 | D:3      | Noticed Crazy Yiuf
  2808 | D:4      | Noticed Pikel
  2975 | D:4      | HP: 2/43 [orc wizard/+0 dagger (1)]
  2977 | D:4      | Slain by an orc

Illustrated notes

Levels and vault maps discovered:
D:1:      dpeg_arrival_tiny_j, layout_basic
D:2:      layout_basic, hellmonk_ecumenical_altar_blasted, uniq_robin,
          uniq_sigmund, uniq_terence
D:3:      layout_basic, gammafunk_ghost_cemetery, uniq_crazy_yiuf_cottage
D:4:      layout_cave_pools, makhleb_heckhound_becter, fedhas_altar_fruit_tree,
          uniq_pikel

Skill      XL: |  1  2  3  4  5  6 |
---------------+-------------------+-----
Dodging        | 2 |  2.5
Fire Magic     | 3 |  3.7
Earth Magic    | 1 2 |  2.2
Fighting       | 1 |  1.5
Stealth        | 2 |  2.5
Conjurations   | 2 |  2.7
Spellcasting   | 3 |  3.0
Ranged Weapons | |  0.4

Action                     |  1- 3 |  4- 6 || total
---------------------------+-------+-------++-------
  Melee: Short sword       |     5 |       ||     5
   Fire: Sling             |       |    95 ||    95
   Cast: Foxfire           |    72 |     9 ||    81
         Scorch            |     1 |     4 ||     5
    Use: Potion            |     2 |     3 ||     5
 Armour: Robe              |     9 |    17 ||    26
  Dodge: Dodged            |    19 |    44 ||    63

Table legend: (Time is in decaauts)
 A = Elapsed time spent in this place.
 B = Non-inter-level travel time spent in this place.
 C = Inter-level travel time spent in this place.
 D = Time resting spent in this place.
 E = Time spent auto-exploring this place.
 F = Levels seen in this place.
 G = Mean time per level.
                   A        B        C        D        E       F      G
               +--------+--------+--------+--------+--------+-----+--------+
         Total |   3012 |   2844 |    168 |    137 |   2136 |   4 |  753.0 |
       Dungeon |   3012 |   2844 |    168 |    137 |   2136 |   4 |  753.0 |
               +--------+--------+--------+--------+--------+-----+--------+

Top non-repeatable levels by time:
     D:1: 1321 daAuts
     D:2: 929 daAuts
     D:3: 603 daAuts
     D:4: 158 daAuts
